 Dungeon Crawl Stone Soup version 0.20.0 (webtiles) character file.

361 MatthieuS the Grave Robber (level 6, -1/50 HPs)
             Began as a Ghoul Necromancer on June 6, 2017.
             Killed from afar by LeviathanJH's ghost (7 damage)
             ... with a blast of sand
             ... on level 4 of the Dungeon.
             The game lasted 00:14:39 (4279 turns).

MatthieuS the Grave Robber (Ghoul Necromancer)      Turns: 4279, Time: 00:14:40

Health: -1/50      AC:  3    Str: 12    XL:     6   Next: 66%
Magic:  8/9        EV: 12    Int: 12    God:
Gold:   239        SH:  0    Dex:  9    Spells: 4/11 levels left

rFire    + . .     SeeInvis .   a - +2 dagger (venom)
rCold    . . .     Gourm    .   (no shield)
rNeg     + + +     Faith    .   m - +0 robe
rPois    ∞         Spirit   .   (no helmet)
rElec    .         Reflect  .   (no cloak)
rCorr    .         Harm     .   y - +0 pair of gloves
MR       .....                  (no boots)
Stlth    ++........             (no amulet)
Regen    0.0/turn               i - ring of fire
MPRegen  0.2/turn               (no ring)

@: rotting
A: rotting body, claws 1, carnivore 3, cold resistance 1, negative energy
resistance 3, inhibited regeneration, torment resistance, unbreathing
a: no special abilities


You were on level 4 of the Dungeon.
You were not hungry.

You visited 1 branch of the dungeon, and saw 4 of its levels.

You collected 239 gold pieces.

Inventory:

Hand Weapons
 a - a +2 dagger of venom (weapon)
 o - a +0 halberd
 p - a cursed +0 spear
 w - a +0 hunting sling
Missiles
 h - 234 stones (quivered)
 j - 4 tomahawks
 x - 2 sling bullets
Armour
 m - a +0 robe (worn)
 y - a +0 pair of gloves (worn)
Jewellery
 i - a ring of fire (left hand)
Wands
 q - a wand of clouds (5/9)
Scrolls
 e - 4 scrolls of remove curse {unknown}
 f - 2 scrolls of fear {unknown}
 g - 3 scrolls of enchant weapon {unknown}
 l - a scroll of immolation {unknown}
 n - 5 scrolls of identify {unknown}
Potions
 d - 2 potions of brilliance
 k - a potion of curing
 r - a potion of haste {unknown}
Books
 b - a book of Necromancy

   Spells                             Type                      Level
   a - Pain                           Necromancy                   1
   b - Animate Skeleton               Necromancy                   1
   c - Vampiric Draining              Necromancy                   3
   d - Regeneration                   Charms/Necromancy            3
   e - Animate Dead                   Necromancy                   4
   f - Control Undead                 Necromancy                   4
Comestibles
 c - a meat ration
 v - a royal jelly


   Skills:
 + Level 2.9 Fighting
 + Level 3.0 Dodging
 + Level 2.4 Stealth
 + Level 1.8 Unarmed Combat
 + Level 3.0 Spellcasting
 + Level 0.3 Charms
 + Level 5.3 Necromancy


You had 4 spell levels left.
You knew the following spells:

 Your Spells              Type           Power        Failure   Level  Hunger
a - Pain                  Necr           ##..         2%          1    #......
b - Regeneration          Chrm/Necr      #.........   22%         3    ###....
c - Vampiric Draining     Necr           ##........   9%          3    ###....


Dungeon Overview and Level Annotations

Branches:
Dungeon (4/15)
 Temple: D:4-7

Altars:

Annotations:
D:4 LeviathanJH's ghost, amateur DrEE


Innate Abilities, Weirdness & Mutations

Your body is rotting away.
You thrive on raw meat.
You are immune to poison.
You have sharp fingernails.
You are carnivorous and can eat meat at any time.
Your flesh is cold resistant. (rC+)
You are immune to negative energy. (rN+++)
You do not regenerate when monsters are visible.
You are immune to unholy pain and torment.
You can survive without breathing.


Message History

LeviathanJH's ghost barely misses you.
You barely miss LeviathanJH's ghost.
LeviathanJH's ghost is lightly damaged.
LeviathanJH's ghost misses you.
You barely miss LeviathanJH's ghost.
LeviathanJH's ghost is lightly damaged.
LeviathanJH's ghost hits you.
You hit LeviathanJH's ghost but do no damage.
LeviathanJH's ghost is lightly damaged.
LeviathanJH's ghost casts a spell at you.
The blast of sand hits you!
* * * LOW HITPOINT WARNING * * *
LeviathanJH's ghost casts a spell at you.
The blast of sand hits you!
* * * LOW HITPOINT WARNING * * *
There is an open door here.
You feel better.
LeviathanJH's ghost casts a spell at you.
The blast of sand hits you!
You die...

########.≈.#
#.#############
####
#.....>.......#
#.###.##.####.#
#.# #.##.#
####.###.##.##
.............#
##...##.##<.###.#
#.<...#.........#
#@.........#####
##.######..# #W#
#.## #a# #.#
##'## #.# ##...##
#.# ## ##...).##
#.# #.
##.......## .#
#.##.........#


You could see a worker ant and LeviathanJH's ghost.

Vanquished Creatures
  An ogre (D:4)
  2 vampire bats (D:3)
  An orc wizard (D:3)
  8 adders
  An ooze (D:2)
  3 worms
  2 dart slugs (D:1)
  2 leopard geckos (D:1)
  3 orcs (D:3)
  5 giant cockroaches
  12 goblins
  7 hobgoblins
  7 jackals
  A quokka (D:2)
  19 bats
  5 frilled lizards
  6 kobolds
  3 rats
88 creatures vanquished.

Vanquished Creatures (others)
  11 fungi (D:4)
11 creatures vanquished.

Grand Total: 99 creatures vanquished

Notes
Turn   | Place    | Note
-------+----------+-------------------------------------------
     0 | D:1      | MatthieuS the Ghoul Necromancer began the quest for the Orb.
     0 | D:1      | Reached XP level 1. HP: 14/14 MP: 2/2
   244 | D:1      | Reached XP level 2. HP: 15/18 MP: 0/3
   924 | D:1      | Reached XP level 3. HP: 22/26 MP: 4/4
  1115 | D:1      | Learned a level 3 spell: Regeneration
  1399 | D:2      | Reached skill level 1 in Unarmed Combat
  1622 | D:2      | Reached XP level 4. HP: 17/33 MP: 0/6
  1967 | D:2      | Learned a level 3 spell: Vampiric Draining
  2244 | D:3      | Found a faded altar of an unknown god.
  2520 | D:3      | Reached XP level 5. HP: 39/39 MP: 7/7
  2722 | D:3      | Reached skill level 1 in Fighting
  3473 | D:3      | Reached XP level 6. HP: 43/48 MP: 9/9
  3539 | D:3      | Reached skill level 5 in Necromancy
  4251 | D:4      | Noticed LeviathanJH's ghost (amateur DrEE)
  4279 | D:4      | Killed from afar by LeviathanJH's ghost

Skill      XL: |  1  2  3  4  5  6 |
---------------+-------------------+-----
Dodging        | 2 3 |  3.0
Spellcasting   | 2 3 |  3.0
Unarmed Combat | 1 |  1.8
Fighting       | 2 |  2.9
Necromancy     | 5 |  5.3
Stealth        | |  2.4
Charms         | |  0.3

Action                   |  1- 3 |  4- 6 || total
-------------------------+-------+-------++-------
Melee: Unarmed           |    97 |    13 ||   110
       Dagger            |       |    14 ||    14
 Fire: Hunting sling     |       |   205 ||   205
 Cast: Pain              |    37 |    34 ||    71
       Regeneration      |     1 |     5 ||     6
  Use: Potion            |       |    10 ||    10
 Stab: Invisible         |       |     1 ||     1
  Eat: Chunk             |     6 |     6 ||    12
       Meat ration       |       |     1 ||     1
Armor: Robe              |    35 |    51 ||    86
Dodge: Dodged            |   106 |   148 ||   254
